2932 views
Uploaded 2020-03-26 18:42:36
Game version 1.32.3
21:58 long 1on1 custom game on (2)NorthernIsles
Game name "dziango"
Saved by Dziango
2932 views
Uploaded 2020-03-26 18:42:36
Game version 1.32.3
21:58 long 1on1 custom game on (2)NorthernIsles
Game name "dziango"
35 units @ 5.8k
/ 0.9k
14 buildings @ 2.3k
/ 0.7k



| Rod of Necromancy | 3 | 450 |
| Orb of Corruption | 1 | 375 |
| Scroll of Healing | 3 | 750 |
| Potion of Lesser Invulnerability | 4 | 600 |
| Scroll of Protection | 1 | 150 |
| total: | 12 | 2325g |
| Acolyte | 9 | 675 | / | 0 |
| Ghoul | 5 | 600 | / | 0 |
| Crypt Fiend | 14 | 3010 | / | 560 |
| Obsidian Statue | 5 | 1000 | / | 175 |
| Abomination | 2 | 480 | / | 140 |
| total: | 35 | 5765g | / | 875w |
| Nerubian Tower | 1 | 100 | / | 20 |
| Spirit Tower | 1 | 145 | / | 40 |
| Ziggurat | 8 | 1200 | / | 400 |
| Altar of Darkness | 1 | 180 | / | 50 |
| Crypt | 1 | 200 | / | 50 |
| Tomb of Relics | 1 | 130 | / | 30 |
| Graveyard | 1 | 215 | / | 0 |
| Necropolis | 1 | 225 | / | 0 |
| Slaughterhouse | 1 | 140 | / | 135 |
| Halls of the Dead | 1 | 320 | / | 210 |
| Black Citadel | 1 | 325 | / | 230 |
| total: | 14 | 2290g | / | 665w |
| 0:01 | Acolyte |
| 0:03 | Ziggurat |
| 0:05 | Altar of Darkness |
| 0:14 | Acolyte |
| 0:32 | Crypt |
| 0:39 | Acolyte |
| 0:56 | Tomb of Relics |
| 1:14 | Graveyard |
| 1:32 | Ghoul |
| 1:40 | Ghoul |
| 2:06 | Rod of Necromancy |
| 2:10 | Death Coil |
| 2:11 | Ghoul |
| 2:45 | Halls of the Dead |
| 3:08 | Ziggurat |
| 3:38 | Unholy Aura |
| 4:10 | Crypt Fiend |
| 4:33 | Ziggurat |
| 4:36 | Rod of Necromancy |
| 4:50 | Crypt Fiend |
| 5:18 | Black Citadel |
| 5:44 | Slaughterhouse |
| 6:04 | Frost Nova |
| 6:17 | Crypt Fiend |
| 6:47 | Obsidian Statue |
| 7:04 | Ziggurat |
| 7:07 | Rod of Necromancy |
| 7:43 | Obsidian Statue |
| 7:57 | Orb of Corruption |
| 8:31 | Potion of Lesser Invulnerability |
| 8:41 | Crypt Fiend |
| 8:42 | Death Coil |
| 8:54 | Crypt Fiend |
| 9:13 | Crypt Fiend |
| 9:33 | Burrow |
| 9:41 | Ziggurat |
| 9:58 | Frost Armor |
| 10:27 | Crypt Fiend |
| 10:56 | Obsidian Statue |
| 11:33 | Crypt Fiend |
| 11:43 | Destroyer Form |
| 11:44 | Acolyte |
| 12:35 | Crypt Fiend |
| 12:35 | Abomination |
| 12:46 | Acolyte |
| 12:48 | Creature Attack |
| 13:05 | Frost Nova |
| 13:29 | Disease Cloud |
| 13:44 | Necropolis |
| 13:50 | Ghoul |
| 13:50 | Ghoul |
| 14:06 | Unholy Aura |
| 14:14 | Scroll of Healing |
| 14:16 | Potion of Lesser Invulnerability |
| 14:16 | Scroll of Protection |
| 14:17 | Scroll of Healing |
| 15:17 | Crypt Fiend |
| 15:26 | Ziggurat |
| 16:00 | Frost Armor |
| 16:03 | Acolyte |
| 16:03 | Acolyte |
| 16:04 | Ziggurat |
| 16:10 | Obsidian Statue |
| 16:36 | Nerubian Tower |
| 16:39 | Crypt Fiend |
| 16:57 | Obsidian Statue |
| 17:03 | Death Coil |
| 17:11 | Improved Creature Attack |
| 17:28 | Crypt Fiend |
| 17:38 | Acolyte |
| 17:41 | Acolyte |
| 17:48 | Potion of Lesser Invulnerability |
| 18:07 | Creature Carapace |
| 18:12 | Spirit Tower |
| 18:55 | Crypt Fiend |
| 19:02 | Howl of Terror |
| 19:21 | Abomination |
| 19:49 | Crypt Fiend |
| 20:01 | Potion of Lesser Invulnerability |
| 20:01 | Scroll of Healing |
| 21:03 | Ziggurat |
| 21:38 | Frost Nova |
| 21:43 | Cleaving Attack |
38 units @ 6.1k
/ 1.5k
12 buildings @ 2.3k
/ 1.1k


| Staff of Preservation | 1 | 150 |
| Orb of Venom | 1 | 325 |
| Potion of Healing | 2 | 300 |
| Lesser Clarity Potion | 1 | 70 |
| Scroll of Town Portal | 2 | 700 |
| Dust of Appearance | 1 | 75 |
| Boots of Speed | 1 | 250 |
| Staff of Teleportation | 1 | 150 |
| total: | 10 | 2020g |
| Wisp | 15 | 900 | / | 0 |
| Archer | 4 | 520 | / | 40 |
| Dryad | 2 | 290 | / | 120 |
| Druid of the Claw | 15 | 3825 | / | 1200 |
| Mountain Giant | 1 | 350 | / | 100 |
| Goblin Zeppelin | 1 | 240 | / | 60 |
| total: | 38 | 6125g | / | 1520w |
| Altar of Elders | 1 | 180 | / | 50 |
| Moon Well | 4 | 720 | / | 160 |
| Ancient of War | 1 | 150 | / | 60 |
| Hunter's Hall | 1 | 210 | / | 100 |
| Tree of Life | 2 | 680 | / | 370 |
| Ancient of Wonders | 1 | 90 | / | 30 |
| Ancient of Lore | 2 | 310 | / | 290 |
| Tree of Ages | 1 | 320 | / | 180 |
| Tree of Eternity | 1 | 330 | / | 200 |
| total: | 12 | 2340g | / | 1060w |
| 0:01 | Wisp |
| 0:06 | Altar of Elders |
| 0:10 | Moon Well |
| 0:14 | Wisp |
| 0:22 | Ancient of War |
| 0:31 | Wisp |
| 0:38 | Wisp |
| 0:46 | Wisp |
| 0:52 | Wisp |
| 0:59 | Wisp |
| 1:05 | Wisp |
| 1:23 | Archer |
| 1:37 | Wisp |
| 1:42 | Moon Well |
| 1:55 | Wisp |
| 2:31 | Evasion |
| 2:33 | Wisp |
| 2:36 | Archer |
| 2:47 | Tree of Ages |
| 2:49 | Archer |
| 3:01 | Mana Burn |
| 3:09 | Moon Well |
| 3:49 | Hunter's Hall |
| 4:25 | Archer |
| 4:44 | Tree of Life |
| 4:45 | Boots of Speed |
| 4:55 | Staff of Teleportation |
| 5:14 | Ancient of Lore |
| 5:52 | Frost Arrows |
| 6:49 | Dryad |
| 6:50 | Tree of Eternity |
| 7:14 | Ancient of Wonders |
| 7:47 | Druid of the Claw |
| 7:49 | Ancient of Lore |
| 8:13 | Druid of the Claw Adept Training |
| 8:35 | Scroll of Town Portal |
| 8:41 | Staff of Preservation |
| 9:00 | Druid of the Claw |
| 9:04 | Forked Lightning |
| 9:19 | Druid of the Claw |
| 9:21 | Druid of the Claw Master Training |
| 9:30 | Orb of Venom |
| 9:52 | Wisp |
| 9:52 | Wisp |
| 10:15 | Druid of the Claw |
| 10:38 | Mana Burn |
| 10:40 | Druid of the Claw |
| 10:47 | Potion of Healing |
| 10:59 | Dust of Appearance |
| 11:40 | Druid of the Claw |
| 12:36 | Druid of the Claw |
| 13:23 | Druid of the Claw |
| 14:03 | Druid of the Claw |
| 14:17 | Potion of Healing |
| 14:55 | Mark of the Claw |
| 16:00 | Druid of the Claw |
| 16:01 | Druid of the Claw |
| 16:08 | Lesser Clarity Potion |
| 16:39 | Druid of the Claw |
| 16:44 | Tree of Life |
| 17:03 | Dryad |
| 17:17 | Druid of the Claw |
| 17:31 | Moon Well |
| 18:06 | Druid of the Claw |
| 18:14 | Forked Lightning |
| 18:24 | Evasion |
| 18:34 | Mountain Giant |
| 18:36 | Hardened Skin |
| 19:24 | Scroll of Town Portal |
| 19:44 | Goblin Zeppelin |
| 20:03 | Druid of the Claw |
| 20:06 | Wisp |
| 20:06 | Wisp |